 Dungeon Crawl Stone Soup version 0.26-a0-854-gdc81c2f471 (webtiles) character file.

Game seed: 13176769627830645806

249 sahdkjhfkaj the Chopper (level 5, -2/41 HPs)
             Began as a Demonspawn Fighter on Nov 22, 2020.
             Killed from afar by a white imp (12 damage)
             ... with a puff of frost
             ... on level 6 of the Dungeon.
             The game lasted 00:06:21 (2425 turns).

sahdkjhfkaj the Chopper (Demonspawn Fighter)        Turns: 2425, Time: 00:06:22

Health: -2/41      AC:  6    Str: 17    XL:     5   Next: 87%
Magic:  5/5        EV:  6    Int:  9    God:
Gold:   129        SH: 12    Dex: 13    Spells: 4/4 levels left

rFire    . . .     SeeInvis .   a - +0 war axe
rCold    . . .     Faith    .   c - +0 kite shield
rNeg     . . .     Spirit   .   b - +0 scale mail
rPois    .         Reflect  .   (no helmet)
rElec    .         Harm     .   (no cloak)
rCorr    .         Rampage  .   (no gloves)
MR       .....                  (no boots)
Stlth    ..........             (no amulet)
HPRegen  0.13/turn              (no ring)
MPRegen  0.09/turn              (no ring)

@: no status effects
A: large bone plates 1, foul stench 1, rot immunity
a: no special abilities


You were on level 6 of the Dungeon.
You visited 1 branch of the dungeon, and saw 4 of its levels.

You collected 129 gold pieces.

Inventory:

Hand Weapons
 a - a +0 war axe (weapon)
Armour
 b - a +0 scale mail (worn)
 c - a +0 kite shield (worn)
Jewellery
 p - a cursed ring of teleportation {unknown}
Scrolls
 f - a scroll of immolation
 g - 3 scrolls of magic mapping
 h - 3 scrolls of fog
 i - a scroll of noise {unknown}
 j - a scroll of enchant weapon {unknown}
 l - 2 scrolls of remove curse {unknown}
 m - a scroll of fear {unknown}
 n - a scroll of teleportation
 q - a scroll of amnesia {unknown}
Potions
 d - 4 potions of might
 e - a potion of curing {unknown}
 k - a potion of lignification {unknown}
 o - a potion of flight {unknown}


   Skills:
 - Level 3.0 Fighting
 - Level 4.0(4.7) Axes
 + Level 3.8(4.6) Maces & Flails
 - Level 2.6 Armour
 - Level 2.6 Shields


You had 4 spell levels left.
You didn't know any spells.
Your spell library was empty.

Dungeon Overview and Level Annotations

Branches:
Dungeon (3/15)

Altars:
Okawaru


Innate Abilities, Weirdness & Mutations

You are partially covered in large bone plates. (SH +4)
You may emit foul miasma when damaged in melee.
You are immune to rotting.


Message History

The worker ant is engulfed in dark miasma.
The worker ant is poisoned.
The worker ant seems to slow down.
You slash the worker ant!
The worker ant is heavily wounded.
You block the worker ant's attack.
Your shield and scale mail prevent you from hitting the worker ant.
The worker ant is severely wounded.
The white imp gestures at you. The puff of frost hits you!
* * * LOW HITPOINT WARNING * * *
The worker ant barely misses you.
You slash the worker ant!
You kill the worker ant!
Found 5 curare-tipped darts.
You see here a worker ant corpse.
You hit the white imp but do no damage.
The white imp grins evilly.
The white imp gestures at you. The puff of frost hits you!
You die...

(. .............
...#......#.....
....#..........[.
.......$..........
..............<.....
#/...............##.
##..................
#..........†@5......
....................
#................!..
#..............#....
##.###.†.......# #..
#..####.....#.## .
#.#...........#.#
........#.#.....
#.##....####.....


You could see a white imp.

Vanquished Creatures
  A bullfrog (D:6)
  A centaur skeleton (D:6)
  A worker ant (D:6)
  A hound zombie (D:6)
  5 adders
  A shadow imp (D:6)
  An ufetubus (D:6)
  2 dart slugs (D:1)
  A worm (D:3)
  2 leopard geckos (D:1)
  An orc (D:3)
  A giant cockroach (D:1)
  6 goblins
  7 hobgoblins
  4 jackals (D:2)
  11 kobolds
  2 quokkas
  5 bats
  3 frilled lizards
  6 rats
62 creatures vanquished.

Notes
Turn   | Place    | Note
-------+----------+-------------------------------------------
     0 | D:1      | sahdkjhfkaj the Demonspawn Fighter began the quest for the
                  | Orb.
     0 | D:1      | Reached XP level 1. HP: 18/18 MP: 1/1
    26 | D:1      | Reached skill level 2 in Axes
   252 | D:1      | Gained mutation: You are immune to rotting. [demonic
                  | ancestry]
   252 | D:1      | Reached XP level 2. HP: 23/24 MP: 2/2
   466 | D:1      | Found an iron altar of Okawaru.
   483 | D:1      | Reached skill level 3 in Axes
   894 | D:1      | Gained mutation: You are partially covered in large bone
                  | plates. (SH +4) [demonic ancestry]
   894 | D:1      | Reached XP level 3. HP: 29/29 MP: 3/3
  1609 | D:2      | Found a faded altar of an unknown god.
  1892 | D:2      | Reached XP level 4. HP: 33/35 MP: 4/4
  1929 | D:2      | Reached skill level 4 in Axes
  2123 | D:3      | Reached skill level 1 in Maces & Flails
  2316 | D:3      | You fall into a shaft and drop 3 floors!
  2338 | D:6      | Noticed a bullfrog
  2350 | D:6      | Killed a bullfrog
  2351 | D:6      | Gained mutation: You may emit foul miasma when damaged in
                  | melee. [demonic ancestry]
  2351 | D:6      | Reached XP level 5. HP: 22/41 MP: 5/5
  2425 | D:6      | Killed from afar by a white imp

Illustrated notes

Levels and vault maps discovered:
D:1:      denvon_arrival_planthouse, layout_basic, minivault_23,
          okawaru_ov_weapons_minmay
D:2:      layout_rooms, chequers_ecumenical_altar_simple_redux, minmay_cut_off
D:3:      layout_basic
D:6:      layout_cave_pools, serial_shops, kennysheep_mini_moat, basic_altar,
          kennysheep_generic_room_16

Skill      XL: |  1  2  3  4  5 |
---------------+----------------+-----
Axes           | 2 3 4 |  4.0
Maces & Flails | 2 3 |  3.8
Fighting       | |  3.0
Armour         | |  2.6
Shields        | |  2.6

Action                   |  1- 3 |  4- 6 || total
-------------------------+-------+-------++-------
Melee: War axe           |    97 |    63 ||   160
  Use: Scroll            |     2 |     3 ||     5
Armor: Scale mail        |    55 |    35 ||    90
Dodge: Dodged            |    20 |    20 ||    40
Block: Kite shield       |    72 |    45 ||   117

Table legend: (Time is in decaauts)
 A = Elapsed time spent in this place.
 B = Non-inter-level travel time spent in this place.
 C = Inter-level travel time spent in this place.
 D = Time resting spent in this place.
 E = Time spent auto-exploring this place.
 F = Levels seen in this place.
 G = Mean time per level.
                   A        B        C        D        E       F      G
               +--------+--------+--------+--------+--------+-----+--------+
         Total |   2491 |   2395 |     96 |     53 |   1916 |   4 |  622.8 |
       Dungeon |   2491 |   2395 |     96 |     53 |   1916 |   4 |  622.8 |
               +--------+--------+--------+--------+--------+-----+--------+

Top non-repeatable levels by time:
     D:1: 1440 daAuts
     D:2: 550 daAuts
     D:3: 383 daAuts
     D:6: 117 daAuts
